 Dungeon Crawl Stone Soup version 0.28-a0-1143-gcf6077d4cc (webtiles) character file.

Game seed: 16352978408305240091

587 leviel the Chopper (level 7, -11/57 (61) HPs)
             Began as a Hill Orc Fighter on Dec 13, 2021.
             Was a Believer of Lugonu.
             Mangled by a wight (12 damage)
             ... on level 4 of the Dungeon.
             The game lasted 00:03:15 (3698 turns).

leviel the Chopper (Hill Orc Fighter)               Turns: 3698, Time: 00:03:16

HP:   -11/57 (61)   AC:  7    Str: 21    XL:     7   Next: 38%
MP:   7/7           EV: 10    Int:  8    God:    Lugonu [**....]
Gold: 151           SH:  4    Dex: 10    Spells: 6/6 levels left

rFire   . . .      SeeInvis .   a - +0 war axe
rCold   . . .      Faith    .   c - +0 buckler
rNeg    . . .      Spirit   .   b - +0 scale mail
rPois   +          Reflect  .   (no helmet)
rElec   .          Harm     .   (no cloak)
rCorr   .          Rampage  .   (no gloves)
Will    .....                   (no boots)
Stlth   ..........              (no amulet)
HPRegen 0.19/turn               n - ring of poison resistance
MPRegen 0.10/turn               (no ring)

@: drained
A: no striking features
a: Renounce Religion, Depart the Abyss, Bend Space


You were on level 4 of the Dungeon.
You worshipped Lugonu.
Lugonu was pleased with you.
You visited 1 branch of the dungeon, and saw 4 of its levels.

You collected 151 gold pieces.

Inventory:

Hand Weapons
 a - a +0 war axe (weapon)
Missiles
 r - 6 javelins (quivered)
Armour
 b - a +0 scale mail (worn)
 c - a +0 buckler (worn)
Jewellery
 n - a ring of poison resistance (left hand)
Scrolls
 e - 3 scrolls of identify {unknown}
 f - 2 scrolls of teleportation {unknown}
 i - a scroll of torment {unknown}
 k - a scroll of holy word {unknown}
 m - a scroll of fear {unknown}
 o - a scroll of immolation {unknown}
 q - 2 scrolls of enchant weapon {unknown}
Potions
 d - a potion of magic {unknown}
 g - a potion of curing
 h - a potion of attraction {unknown}
 j - a potion of heal wounds {unknown}
 l - a potion of brilliance {unknown}
 p - a potion of flight {unknown}


   Skills:
 + Level 5.2 Fighting
 * Level 6.4 Axes
 + Level 1.6 Throwing
 + Level 4.7 Armour
 + Level 2.3 Dodging
 - Level 4.0 Shields


You had 6 spell levels left.
You didn't know any spells.
Your spell library contained the following spells:

 Spells                   Type           Power      Damage    Failure   Level
 Ozocubu's Armour         Ice            0%         N/A       98%         3
 Petrify                  Tmut/Erth      0%         N/A       100%        4
 Metabolic Englaciation   Hex/Ice        0%         N/A       100%        5
 Statue Form              Tmut/Erth      0%         N/A       100%        6
 Ozocubu's Refrigeration  Ice            0%         4d5       100%        7


Dungeon Overview and Level Annotations

Branches:
Dungeon (4/15)
 Temple: D:4-7

Altars:
Fedhas
Wu Jian
Yredelemnul
Lugonu


Message History

The magic dart hits you but does no damage.
You miss something. Something hits you but does no damage.
You closely miss something. Something hits you but does no damage.
You barely miss something. Something hits you. x2
You barely miss something.
You hear some strange, mumbled words.
A puff of flame appears from out of thin air!
The puff of flame hits you!
You miss something. Something hits you but does no damage.
You closely miss something. Something hits you.
You miss something. Something hits you but does no damage.
You hit something but do no damage.
Something hits you but does no damage. x2
You closely miss something. Something hits you.
You miss something. Something hits you.
You miss something. Something hits you but does no damage.
You hit something but do no damage. Something hits you but does no damage.
You miss something. Something hits you but does no damage.
You slash something! Lugonu accepts your kill.
Reactivating autopickup.
You feel a bit more experienced. The wight closely misses you.
You block the wight's attack.
Your life force feels restored.
You hit the wight but do no damage. You block the wight's attack.
The wight hits you from afar with a +5 trident.
You feel drained.
You barely miss the wight. The wight barely misses you.
The wight hits you from afar with a +5 trident!
* * * LOW HITPOINT WARNING * * *
You hit the wight but do no damage. The wight completely misses you.
The wight hits you from afar with a +5 trident.
* * * LOW HITPOINT WARNING * * *
It was a potion of curing.
You feel better. The wight hits you with a +3 war axe!
* * * LOW HITPOINT WARNING * * *
You feel drained.
* * * LOW HITPOINT WARNING * * *
You block the wight's attack.
You closely miss the wight. The wight hits you with a +3 war axe!
You die...

....z.o..o.))..#
....[o####o###.#
......##...o..J#
...J..##.......#
..######.....o.# #.
###.###.# . #.# #.#
#####.###z#########
#.......#oz@......#
#+##.......#####......#
###.##...>...# ......#
#............# ......#
#.......##...'. ......#
#.......##.###..
......# ........##.#
... .....:#
........##.# .. ......#
##.####.##'##


You could see 2 wights and an orc.

Vanquished Creatures
  Grinder (D:3)
  A black bear (D:2)
  2 wights (D:4)
  Crazy Yiuf (D:3)
  An iguana (D:4)
  An orc wizard (D:4)
  A hound skeleton (D:4)
  A gnoll (D:1)
  A howler monkey skeleton (D:4)
  2 adders (D:2)
  A worm (D:4)
  2 dart slugs (D:1)
  7 orcs
  11 bats
  9 endoplasms
  2 giant cockroaches (D:1)
  9 goblins
  8 hobgoblins
  2 quokkas
  A ball python (D:2)
  5 frilled lizards
  9 kobolds
  7 rats
85 creatures vanquished.

Notes
Turn   | Place    | Note
-------+----------+-------------------------------------------
     0 | D:1      | leviel the Hill Orc Fighter began the quest for the Orb.
     0 | D:1      | Reached XP level 1. HP: 19/19 MP: 1/1
    25 | D:1      | Reached skill level 3 in Axes
    25 | D:1      | Reached XP level 2. HP: 27/27 MP: 2/2
   269 | D:1      | Reached XP level 3. HP: 33/33 MP: 3/3
  1267 | D:2      | Reached skill level 4 in Axes
  1267 | D:2      | Reached XP level 4. HP: 27/40 MP: 4/4
  1424 | D:2      | Reached skill level 1 in Dodging
  1424 | D:2      | Noticed a black bear
  1433 | D:2      | Killed a black bear
  1434 | D:2      | Reached XP level 5. HP: 25/47 MP: 5/5
  2054 | D:3      | Noticed a golden eye
  2055 | D:3      | Found a faded altar of an unknown god.
  2072 | D:3      | Noticed a shining eye
  2079 | D:3      | Noticed a golden eye
  2195 | D:3      | Noticed a golden eye
  2231 | D:3      | Prayed at the altar of an unknown god.
  2231 | D:3      | Became a worshipper of Lugonu the Unformed
  2231 | D:3      | Reached * piety under Lugonu
  2231 | D:3      | Reached ** piety under Lugonu
  2322 | D:3      | Found a blossoming altar of Fedhas.
  2322 | D:3      | Found a basalt altar of Yredelemnul.
  2456 | D:3      | Reached skill level 5 in Axes
  2675 | D:3      | Found a runed translucent door.
  2676 | D:3      | Noticed Crazy Yiuf
  2686 | D:3      | Noticed Grinder
  2695 | D:3      | Killed Grinder
  2696 | D:3      | Reached skill level 1 in Throwing
  2696 | D:3      | Reached XP level 6. HP: 28/55 MP: 6/6
  3036 | D:3      | Killed Crazy Yiuf
  3037 | D:3      | Reached skill level 5 in Fighting
  3355 | D:4      | Found an ornate altar of the Wu Jian Council.
  3375 | D:4      | Reached skill level 6 in Axes
  3375 | D:4      | Reached XP level 7. HP: 44/61 MP: 7/7
  3697 | D:4      | HP: 1/57 [wight (5)]
  3698 | D:4      | Mangled by a wight

Illustrated notes

Levels and vault maps discovered:
D:1:      shiori_arrival_oz, layout_basic, minmay_heptomino_d4
D:2:      layout_rooms, serial_curves, eino_curves_04, eino_curves_02,
          nicolae_concentric_dashed_squares_wild
D:3:      layout_basic, amethyst_overflow_temple_binary,
          hellmonk_ecumenical_altar_watching_god, minmay_misc_feat_square,
          minmay_misc_feat_rows, uniq_crazy_yiuf_cottage, uniq_grinder
D:4:      layout_basic, old_standard_altar

Skill      XL: |  1  2  3  4  5  6 |
---------------+-------------------+-----
Axes           | 3 4 5 6 |  6.4
Fighting       | 4 5 |  5.2
Dodging        | 1 2 |  2.3
Shields        | 4 |  4.0
Armour         | 4 |  4.7
Throwing       | 1 |  1.6

Action                   |  1- 3 |  4- 6 |  7- 9 || total
-------------------------+-------+-------+-------++-------
Melee: War axe           |   108 |    92 |    55 ||   255
  Use: Potion            |       |     1 |     1 ||     2
Armor: Scale mail        |    59 |    38 |    16 ||   113
Dodge: Dodged            |    50 |    37 |    19 ||   106
Block: Buckler           |    32 |    20 |    10 ||    62

Table legend: (Time is in decaauts)
 A = Elapsed time spent in this place.
 B = Non-inter-level travel time spent in this place.
 C = Inter-level travel time spent in this place.
 D = Time resting spent in this place.
 E = Time spent auto-exploring this place.
 F = Levels seen in this place.
 G = Mean time per level.
                   A        B        C        D        E       F      G
               +--------+--------+--------+--------+--------+-----+--------+
         Total |   3767 |   3632 |    135 |    381 |   2663 |   4 |  941.8 |
       Dungeon |   3767 |   3632 |    135 |    381 |   2663 |   4 |  941.8 |
               +--------+--------+--------+--------+--------+-----+--------+

Top non-repeatable levels by time:
     D:3: 1413 daAuts
     D:1: 1216 daAuts
     D:2: 734 daAuts
     D:4: 402 daAuts
